 Dungeon Crawl Stone Soup version 0.31-a0-232-gb1c03b2570 (webtiles) character file.

Game seed: 113790352329578568

95 qw the Shooter (level 4, -5/26 HPs)
             Began as a Gargoyle Hexslinger on July 7, 2023.
             Slain by Grinder (7 damage)
             ... while paralysed by Grinder
             ... on level 3 of the Dungeon.
             The game lasted 00:00:43 (2415 turns).

qw the Shooter (Gargoyle Hexslinger)                Turns: 2415, Time: 00:00:44

Health: -5/26      AC:  5    Str: 11    XL:     4   Next: 66%
Magic:  5/5        EV:  2    Int: 14    God:
Gold:   139        SH:  0    Dex: 14    Spells: 4/5 levels left

rFire   . . .        Y - +2 sling (flame)
rCold   . . .        (no shield)
rNeg    + . .        c - +0 robe
rPois   inf          (no helmet)
rElec   +            (no cloak)
rCorr   .            (no gloves)
SInv    .            (no boots)
Will    .....        (no amulet)
Stlth   +            (no ring)
HPRegen 0.24/turn    (no ring)
MPRegen 0.09/turn

%: no passive effects
@: paralysed
A: sickness immunity, AC +3, negative energy resistance 1, electricity
resistance, torment resistance 1, petrification resistance
a: no special abilities


You were on level 3 of the Dungeon.
You visited 1 branch of the dungeon, and saw 3 of its levels.

You collected 191 gold pieces.
You spent 52 gold pieces at shops.


Innate Abilities, Weirdness & Mutations

You are immune to sickness and miasma.
Your stone body is resilient. (AC +3)
You are immune to poison.
You resist negative energy. (rN+)
You are resistant to electric shocks. (rElec)
You are resistant to unholy torment.
You are immune to petrification.


   Skills:
 - Level 2.0 Fighting
 + Level 4.4 Ranged Weapons
 - Level 1.5 Dodging
 - Level 1.0 Spellcasting
 - Level 2.6 Hexes


You had 4 spell levels left.
You knew the following spells:

 Your Spells              Type           Power      Damage    Failure   Level
a - Slow                  Hex            32%        N/A       9%          1

Your spell library contained the following spells:

 Spells                   Type           Power      Damage    Failure   Level
 Inner Flame              Hex/Fire       4%         N/A       41%         3
 Portal Projectile        Hex/Tloc       8%         N/A       41%         3
 Cause Fear               Hex            4%         N/A       65%         4

Inventory:

Hand Weapons
 Y - a +2 sling of flaming (weapon)
Armour
 c - a +0 robe (worn)
 d - a +0 pair of gloves
Scrolls
 a - a scroll of teleportation
 b - a scroll of revelation {unknown}
 f - a scroll of identify

Dungeon Overview and Level Annotations

Branches:
Dungeon (3/15)

Altars:
Ashenzari
Gozag
Kikubaaqudgha
Nemelex Xobeh

Shops:
D:1 ?

Annotations:
D:3 Grinder


Message History

Grinder gestures at you.
You shrug off the repeated paralysis!
Grinder blinks!
You can move again.
You shoot a sling bullet. The sling bullet hits Grinder.
The sling bullet burns Grinder.
Grinder is lightly wounded.
You shoot a sling bullet. The sling bullet hits Grinder.
The sling bullet burns Grinder.
Grinder is lightly wounded.
You shoot a sling bullet. The sling bullet barely misses Grinder.
You shoot a sling bullet. The sling bullet hits Grinder.
The sling bullet burns Grinder.
Grinder is moderately wounded.
You shoot a sling bullet. The sling bullet barely misses Grinder.
You shoot a sling bullet.
The sling bullet closely misses Grinder.
Grinder hits you.
You writhe in agony.
Grinder blinks!
You shoot a sling bullet. The sling bullet hits Grinder.
The sling bullet burns Grinder.
Grinder is moderately wounded.
You shoot a sling bullet.
The sling bullet closely misses Grinder.
Grinder gestures at you. Pain shoots through your body!
You shoot a sling bullet. The sling bullet hits Grinder.
The sling bullet burns Grinder.
Grinder is heavily wounded.
Grinder barely misses you.
You shoot a sling bullet. The sling bullet hits Grinder.
The sling bullet burns Grinder.
Grinder is severely wounded.
Grinder gestures at you.
You suddenly lose the ability to move!
Grinder hits you! Grinder gestures at you.
You shrug off the repeated paralysis!
Grinder hits you. Grinder hits you!
You die...

##......###....
#......#
#......#
#......#
#......# .
#......###..
#...........
#..5........
#...@.......
#...........
######......
...... .....
..... .... ....


You could see Grinder.

Vanquished Creatures
  4 adders (D:2)
  3 worms
  An orc (D:3)
  6 ball pythons
  3 endoplasms (D:1)
  2 giant cockroaches (D:1)
  5 goblins
  6 hobgoblins
  5 kobolds
  4 quokkas
  3 bats
  2 frilled lizards
  4 rats
48 creatures vanquished.

Notes
Turn   | Place    | Note
-------+----------+-------------------------------------------
     0 | D:1      | qw the Gargoyle Hexslinger began the quest for the Orb.
     0 | D:1      | Reached XP level 1. HP: 12/12 MP: 2/2
     0 | D:1      | 0 ||| qw: Version: 0.3-a-46-gb1f654a
     0 | D:1      | 0 ||| qw: Game counter: 2846
     0 | D:1      | 0 ||| qw: Melee chars always use a shield: true
     0 | D:1      | 0 ||| qw: God list: Okawaru
     0 | D:1      | 0 ||| qw: Allow faded altars: false
     0 | D:1      | 0 ||| qw: Do Orc after clearing Dungeon:15 true
     0 | D:1      | 0 ||| qw: Do second Lair branch before Depths: true
     0 | D:1      | 0 ||| qw: Lair rune preference: random
     0 | D:1      | 0 ||| qw: Goals: Normal
     0 | D:1      | 0 ||| PLANNING D:1-11
   136 | D:1      | Reached XP level 2. HP: 12/16 MP: 3/3
   448 | D:1      | Found Pepoatt's Magic Scroll Boutique.
   451 | D:1      | 451 ||| BUYING 2 scrolls of identify (52 gold).
   451 | D:1      | Bought 2 scrolls of identify for 52 gold pieces
   451 | D:1      | 451 ||| SHOPLISTING 3 scrolls of identify (78 gold, have
                  | 13).
   451 | D:1      | 451 ||| SHOPLISTING scroll of identify (26 gold, have 13).
   472 | D:1      | Reached skill level 3 in Ranged Weapons
  1160 | D:1      | 1160 ||| READING 3 scrolls labelled AMUNTONU WAHOUTZ.
  1161 | D:1      | 1161 ||| READING scroll labelled ERUAKH YT NAPS.
  1166 | D:1      | 1166 ||| READING scroll labelled OSALUWKEADE.
  1167 | D:1      | 1167 ||| READING 2 scrolls of identify.
  1167 | D:1      | 1167 ||| IDENTIFYING viscous black potion
  1168 | D:1      | 1168 ||| DROPPING 2 scrolls of blinking.
  1169 | D:1      | 1169 ||| DROPPING scroll of poison.
  1170 | D:1      | 1170 ||| DROPPING potion of degeneration.
  1175 | D:2      | Reached XP level 3. HP: 21/21 MP: 4/4
  1225 | D:2      | Found a broken altar of Ashenzari.
  1440 | D:2      | 1440 ||| READING scroll of enchant weapon.
  1440 | D:2      | 1440 ||| ENCHANTING +2 sling.
  1479 | D:2      | Reached XP level 4. HP: 26/26 MP: 5/5
  1618 | D:2      | Reached skill level 4 in Ranged Weapons
  1748 | D:2      | 1748 ||| SWAPPING to +2 sling of flaming.
  1749 | D:2      | 1749 ||| DROPPING +3 sling.
  1777 | D:2      | 1777 ||| READING scroll labelled BOUDDI HAVAE.
  2323 | D:3      | Found a sparkling altar of Nemelex Xobeh.
  2324 | D:3      | Found an opulent altar of Gozag.
  2371 | D:3      | Found an ancient bone altar of Kikubaaqudgha.
  2394 | D:3      | Noticed Grinder
  2396 | D:3      | Paralysed by Grinder for 5 turns
  2411 | D:3      | Paralysed by Grinder for 5 turns
  2414 | D:3      | HP: 2/26 [Grinder (6)]
  2415 | D:3      | Slain by Grinder

Levels and vault maps discovered:
D:1:      onia_arrival_pyramid, layout_basic, serial_shops,
          nicolae_shop_tiny_real_fake_doors
D:2:      layout_loops_ring, basic_altar, serial_co_window_serial,
          co_window_of_opportunity_a, co_window_paths_a, co_window_cross_1,
          co_window_corner_a, co_window_paths_a, co_window_of_opportunity_a,
          co_window_paths_a, co_window_paths_a, co_window_corner_a,
          co_window_corner_ca, co_window_paths_c, co_window_corner_cb,
          co_window_broadway_c, co_window_unsneaky_path_b, co_window_cross_4,
          co_window_unsneaky_path_c, glass_columns_c
D:3:      layout_basic, grunt_temple_overflow_opulence, kiku_gazebo_pond_becter,
          uniq_grinder

Skill      XL: |  1  2  3  4 |
---------------+-------------+-----
Ranged Weapons | 3 4 |  4.4
Fighting       | 2 |  2.0
Dodging        | |  1.5
Spellcasting   | |  1.0
Hexes          | |  2.6

Action                     |  1- 3 |  4- 6 || total
---------------------------+-------+-------++-------
   Fire: Sling             |   104 |    56 ||   160
    Use: Scroll            |     5 |     1 ||     6
 Armour: Robe              |     8 |     6 ||    14
  Dodge: Dodged            |    14 |    13 ||    27

Table legend:
 A = Non-vault XP
 B = Vault XP
 C = Vault XP percentage of total XP
 D = Non-vault monster count
 E = Vault monster count
 F = Vault count percentage of total count
                 A         B        C        D         E       F
            +---------+---------+-------+---------+---------+-------
      Total |     137 |       0 |   0.0 |      48 |       0 |   0.0
            +---------+---------+-------+---------+---------+-------
        D:1 |      33 |       0 |   0.0 |      20 |       0 |   0.0
        D:2 |      92 |       0 |   0.0 |      24 |       0 |   0.0
        D:3 |      12 |       0 |   0.0 |       4 |       0 |   0.0
            +---------+---------+-------+---------+---------+-------
